Map: Abiogenesis LE

Players

ILIEKEGGPIE - Winner!

  • Race: Protoss Protoss
  • League: Platinum
  • Spawn Location: 11:00

HeLlStorM

  • Race: Terran Terran
  • League: Gold
  • Spawn Location: 5:00

VOD

Have the link to the VOD?

Description

Time

  • Played on: April 7, 2018, 11:31 p.m.
  • Length: 17:15
Show
View Real Time Build Order
Export as new Build Order

ILIEKEGGPIE Protoss - Winner!

Build Orders: Double Forge 

Get SALT Encoding   

  12  0:00  Probe  
  13  0:13  Probe  
  14  0:20  Pylon  
  14  0:25  Probe  
  15  0:38  Probe (Chrono Boost)  
  16  0:46  Gateway  
  16  0:48  Probe (Chrono Boost)  
  17  0:50  Assimilator  
  17  0:59  Probe  
  18  1:10  Pylon  
  18  1:11  Probe  
  19  1:23  Probe  
  20  1:34  Cybernetics Core  
  20  1:35  Probe  
  20  1:38  Gateway  
  21  1:45  Assimilator  
  21  1:47  Probe  
  21  2:13  Stalker, Robotics Facility  
  23  2:24  Warp Gate  
  23  2:42  Nexus  
  22  3:27  Immortal  
  22  3:29  Stalker x2 (Chrono Boost)  
  30  3:49  Probe  
  31  3:57  Pylon  
  31  4:01  Probe  
  32  4:07  Observer  
  32  4:08  Pylon  
  33  4:13  Probe  
  34  4:23  Forge  
  34  4:24  Forge  
  34  4:27  Robotics Bay  
  34  4:31  Robotics Bay  
  34  4:34  Probe  
  35  4:46  Probe (Chrono Boost)  
  35  4:52  Probe (Chrono Boost)  
  37  4:57  Protoss Ground Weapons Level 1 (Chrono Boost)  
  38  5:00  Protoss Ground Armor Level 1 (Chrono Boost), Probe (Chrono Boost)  
  38  5:01  Gateway  
  38  5:11  Probe x2  
  40  5:23  Probe x2  
  42  5:31  Extended Thermal Lance (Chrono Boost)  
  42  5:35  Probe x2  
  42  5:41  Warp Prism  
  46  5:47  Probe  
  46  5:48  Probe  
  48  5:57  Assimilator  
  48  6:00  Assimilator, Probe x2  
  50  6:12  Gateway, Probe  
  50  6:13  Gateway  
  51  6:21  Zealot x3  
  57  6:31  Probe  
  57  6:32  Probe  
  59  6:38  Sentry  
  61  6:44  Probe  
  62  6:56  Twilight Council  
  62  6:57  Pylon  
  62  7:00  Pylon  
  62  7:04  Pylon  
  62  7:06  Pylon  
  62  7:14  Colossus (Chrono Boost)  
  62  7:15  Probe x2  
  64  7:49  Protoss Ground Armor Level 2 (Chrono Boost)  
  64  7:52  Probe (Chrono Boost)  
  64  7:57  Charge  
  64  7:58  Probe (Chrono Boost)  
  65  7:59  Protoss Ground Weapons Level 2 (Chrono Boost)  
  65  8:03  Colossus (Chrono Boost), Gateway  
  65  8:04  Gateway, Templar Archives  
  71  8:05  Gateway  
  71  8:21  Nexus  
  71  8:29  Psionic Storm  
  71  8:32  Probe x2  
  69  8:42  Gateway  
  69  8:44  Gateway, Probe  
  70  8:50  Zealot x4  
  72  9:13  Assimilator  
  70  9:17  Pylon  
  70  9:18  Assimilator  
  70  9:21  Stalker  
  70  9:22  Stalker x4  
  80  9:27  Probe  
  82  9:38  Probe x2  
  82  9:39  Probe  
  84  9:46  Dark Shrine  
  84  9:47  Warp Prism  
  84  9:50  Probe (Chrono Boost)  
  87  9:53  Robotics Facility  
  88  10:02  Probe (Chrono Boost)  
  88  10:05  Probe x2 (Chrono Boost)  
  90  10:13  High Templar x3, Probe (Chrono Boost)  
  97  10:14  Zealot x2  
  101  10:34  Probe x2  
  103  10:36  Probe  
  104  11:08  Dark Templar x4  
  104  11:09  Dark Templar x2  
  116  11:15  Pylon  
  116  11:18  Pylon  
  116  11:26  Nexus  
  116  11:28  Pylon  
  116  11:31  Pylon  
  104  11:50  Protoss Ground Weapons Level 3 (Chrono Boost)  
  102  11:55  Probe (Chrono Boost)  
  102  11:57  Colossus (Chrono Boost)  
  102  12:00  Protoss Ground Armor Level 3 (Chrono Boost)  
  116  12:01  Probe (Chrono Boost)  
  116  12:06  Assimilator  
  116  12:07  Colossus (Chrono Boost)  
  116  12:10  Assimilator  
  116  12:14  Pylon  
  116  12:16  Pylon  
  116  12:41  Colossus (Chrono Boost)  
  116  12:42  Stalker  
  116  12:43  Stalker x2, Zealot  
  116  12:44  Zealot x5  
  134  12:47  Colossus (Chrono Boost)  
  144  12:53  Gateway  
  144  12:54  Gateway  
  144  12:57  Pylon x2  
  142  13:17  High Templar x2  
  142  13:18  High Templar x4  
  154  13:27  Probe  
  154  13:28  Probe  
  156  14:00  Zealot x2, Dark Templar  
  156  14:01  Dark Templar x2  
  156  14:36  Blink (Chrono Boost)  
  156  14:44  Probe x3  
  156  14:45  Protoss Shields Level 1 (Chrono Boost)  
  159  14:56  Immortal x2 (Chrono Boost)  
  167  15:23  Colossus (Chrono Boost)  
  173  15:29  Pylon  
  173  15:31  Pylon  
  173  15:34  Pylon  
  173  15:36  Immortal (Chrono Boost)  
  177  16:06  Pylon  
  177  16:07  Immortal (Chrono Boost)  
  177  16:08  Pylon  
  185  16:18  Zealot x2  
  185  16:19  Zealot x4, Immortal (Chrono Boost)  
  171  16:44  Stalker x3  
  171  16:45  Zealot x3  
Show
View Real Time Build Order
Export as new Build Order

HeLlStorM Terran 

Build Orders:  

Get SALT Encoding   

  12  0:01  SCV  
  13  0:15  SCV  
  13  0:20  Supply Depot  
  14  0:27  SCV  
  15  0:38  Refinery  
  15  0:43  Barracks  
  15  0:45  SCV  
  16  0:58  SCV  
  17  1:20  SCV  
  17  1:22  Supply Depot  
  18  1:32  Marine  
  19  1:40  Supply Depot  
  19  1:41  Factory  
  19  1:48  Orbital Command  
  19  2:00  Reaper  
  19  2:01  Refinery  
  20  2:15  SCV  
  21  2:26  Factory Tech Lab  
  21  2:31  Command Center  
  21  2:33  SCV  
  22  2:38  Engineering Bay  
  22  2:52  SCV  
  22  2:53  Siege Tank  
  25  3:12  SCV  
  26  3:15  Marine  
  27  3:20  Starport  
  27  3:23  Barracks  
  27  3:26  Barracks  
  27  3:34  SCV  
  28  3:44  SCV  
  28  3:47  SCV  
  30  3:52  Siege Tank  
  33  3:56  SCV  
  33  4:00  Missile Turret  
  34  4:12  Starport Reactor, Barracks Reactor, Barracks Tech Lab  
  34  4:18  SCV x2  
  36  4:26  Siege Tank  
  39  4:37  Bunker  
  40  4:38  SCV  
  40  4:39  SCV  
  40  4:43  Terran Infantry Weapons Level 1  
  42  4:47  Barracks Reactor  
  42  4:51  SCV  
  42  4:52  SCV  
  43  4:54  Refinery  
  43  4:55  Marine  
  43  4:56  Marine  
  43  4:58  Supply Depot  
  45  5:08  Missile Turret  
  45  5:16  Missile Turret  
  45  5:17  Supply Depot  
  45  5:20  Medivac  
  47  5:21  SCV  
  47  5:22  SCV  
  47  5:23  Marine x2  
  47  5:24  Marine  
  47  5:25  Marine  
  53  5:33  SCV  
  54  5:38  Siege Tank  
  54  5:41  Supply Depot  
  57  5:48  Orbital Command, Supply Depot  
  58  5:50  SCV  
  58  5:56  Stimpack  
  58  5:58  Marauder, Marine  
  58  5:59  Marine  
  58  6:02  Marine x2  
  64  6:06  SCV  
  65  6:14  SCV  
  65  6:18  Refinery, SCV  
  66  6:23  Supply Depot  
  66  6:25  Marine x4  
  69  6:26  SCV  
  69  6:27  Marauder  
  69  6:30  Medivac  
  76  6:38  Medivac  
  78  6:45  Supply Depot, Siege Tank  
  81  6:48  Terran Infantry Armor Level 1  
  81  6:49  Marine  
  81  6:50  Marine x2  
  81  6:53  Marauder  
  86  7:06  Marine  
  86  7:07  SCV  
  88  7:11  Supply Depot  
  88  7:12  Marine  
  88  7:13  Marine x2  
  88  7:14  Marauder  
  93  7:20  SCV  
  94  7:27  Supply Depot  
  94  7:32  Viking x2  
  95  8:08  Missile Turret  
  95  8:14  Marine  
  95  8:15  Marine x3  
  95  8:16  Marauder  
  95  8:18  SCV  
  95  8:19  SCV  
  103  8:20  Barracks  
  102  8:39  Marine x2  
  102  8:40  Medivac x2, Barracks, Marine  
  109  8:46  Factory  
  109  8:50  Starport  
  109  9:06  Siege Tank  
  91  9:21  Viking x2  
  91  9:22  SCV  
  96  9:39  Command Center  
  96  9:48  Factory Tech Lab, Siege Tank  
  96  9:50  Starport Reactor  
  96  9:51  Viking x2  
  103  10:04  Marine x4  
  107  10:08  Barracks  
  107  10:10  Barracks Tech Lab  
  107  10:14  Missile Turret  
  107  10:26  Siege Tank, Sensor Tower  
  110  10:30  Armory  
  110  10:32  Engineering Bay  
  110  10:35  Missile Turret  
  110  10:36  Armory  
  110  10:49  SCV  
  110  10:52  SCV  
  110  10:53  Supply Depot  
  107  11:01  Marine x4  
  110  11:14  Marine, SCV  
  110  11:15  Marauder  
  114  11:32  Marauder  
  114  11:36  Marauder  
  116  11:40  Command Center  
  116  11:42  Marine  
  116  11:43  Marine  
  118  12:03  Missile Turret  
  118  12:13  Combat Shields  
  117  12:17  Concussive Shells  
  117  12:18  Barracks Tech Lab  
  117  12:22  Barracks  
  117  12:32  Supply Depot x2, Terran Infantry Armor Level 2  
  117  12:34  Terran Vehicle And Ship Armor Level 1  
  117  12:35  Terran Vehicle Weapons Level 1  
  111  12:52  Marauder x2, Marine x2, SCV x2, Siege Tank  
  114  13:06  SCV  
  115  13:13  Sensor Tower  
  115  13:15  Starport Tech Lab  
  115  13:16  SCV  
  115  13:19  Sensor Tower  
  116  13:28  Marine  
  116  13:29  Marauder, Marine x3  
  116  13:30  Marauder  
  124  13:37  Orbital Command  
  124  13:50  Raven  
  126  14:03  Supply Depot, SCV  
  127  14:26  Marine x4  
  127  14:27  Marauder x3  
  134  14:33  Raven  
  134  14:37  Refinery  
  136  14:42  Supply Depot  
  136  14:44  Medivac, Marine x3  
  141  14:48  Marauder x2  
  141  14:49  SCV  
  141  14:51  Sensor Tower  
  146  14:58  SCV  
  147  15:11  Missile Turret  
  147  15:18  SCV  
  148  15:21  SCV  
  148  15:22  SCV  
  148  15:26  Refinery  
  150  15:30  SCV  
  150  15:34  Missile Turret  
  151  16:12  Marine x3  
  151  16:13  Marauder  
  156  16:25  Medivac  
  156  16:26  Marauder  
  156  16:28  Medivac x2, Siege Tank  
  156  16:29  Siege Tank  
  127  16:40  Marine x2  
  127  16:41  Marauder x2, Marine  
Tags
 
Matchup
PvT
Replay Pack
Multi
Spawn Locations
Cross Positions
Add a new tag
Caveats
  • Supply blocks, unpowered buildings, or Contaminate may cause inaccurate times.
  • Supply counts are checked every 10 seconds.